 Dungeon Crawl Stone Soup version 0.31-a0-237-g2d982f9f85 (webtiles) character file.

Game seed: 8063847690870551189

2086441 RepHenryClay the Infernalist (level 27, 179/179 HPs)
             Began as a Deep Elf Conjurer on July 10, 2023.
             Was the Champion of Vehumet.
             Escaped with the Orb
             ... and 4 runes on July 11, 2023!
             The game lasted 04:01:04 (86879 turns).

RepHenryClay the Infernalist (Deep Elf Conjurer)   Turns: 86879, Time: 04:01:04

Health: 179/179    AC: 16    Str:  3    XL:     27
Magic:  49/49      EV: 42    Int: 32    God:    Vehumet [******]
Gold:   7452       SH: 10    Dex: 25    Spells: 2/66 levels left

rFire   + + .        F - staff of conjuration
rCold   + . .        X - +3 warlock's mirror {omnireflect}
rNeg    + . .        l - +2 robe {rC+ rF+}
rPois   .            L - +2 helmet {Int+3}
rElec   +            D - +2 cloak of the Thief {*Fog Slay-2 SInv Stlth+}
rCorr   .            n - +2 pair of gloves "Reuhustru" {+Blink rF+}
SInv    +            u - +2 pair of boots of Dyspraxia {+Blink rElec Slay+3}
Will    +++..        d - amulet of Emakhl Hivei {RegenMP rN+}
Stlth   ++           T - ring of willpower
HPRegen 0.49/turn    g - ring of Free Will {+Blink EV+5}
MPRegen 0.71/turn

%: reflection
@: studying 2 skills
A: agile 1, robust 1
0: Orb of Zot
}: 4/15 runes: serpentine, barnacled, slimy, silver
a: Renounce Religion, Evoke Blink


You escaped.
You worshipped Vehumet.
Vehumet was exalted by your worship.
You visited 11 branches of the dungeon, and saw 55 of its levels.
You visited the Abyss 4 times.
You visited 1 bazaar.
You also visited: Gauntlet, Ice Cave, Wizlab and Desolation.

You collected 10192 gold pieces.
You spent 2740 gold pieces at shops.

Inventory:

Missiles
 i - 2 throwing nets
Armour
 l - a +2 robe of resistance (worn)
 n - the +2 pair of gloves "Reuhustru" (worn) {+Blink rF+}
   (You acquired it on level 1 of the Realm of Zot)

   rF:        It protects you from fire.
   +Blink:    It lets you blink.
 u - the +2 pair of boots of Dyspraxia (worn) {+Blink rElec Slay+3}
   (You found it on level 5 of the Vaults)

   Slay:      It affects your accuracy & damage with ranged weapons and melee
   (+3).
   rElec:     It insulates you from electricity.
   +Blink:    It lets you blink.
 D - the +2 cloak of the Thief (worn) {*Fog Slay-2 SInv Stlth+}
   (You found it in a Gauntlet)

   *Fog:      It may release a thick cloud of smoke when the wearer is hurt.
   Slay:      It affects your accuracy & damage with ranged weapons and melee
   (-2).
   SInv:      It lets you see invisible.
   Stlth:     It makes you more stealthy.
 L - a +2 helmet of intelligence (worn)
 Q - a +2 cloak of poison resistance
 X - the +3 warlock's mirror (worn) {omnireflect}
   (You found it in the Desolation of Salt)

   Omnireflect: It can block and reflect piercing ranged attacks and magical
   attacks against the wielder's willpower.
Magical Staves
 a - a staff of fire
 b - the staff of Untruth {rC+ rN+ Necro}
   (You found it on level 5 of the Vaults)

   [staff of death]

   Base accuracy: +5 Base damage: 5 Base attack delay: 1.2 This weapon's minimum
   attack delay (0.6) is reached at skill level 12.
   rC:        It protects you from cold.
   rN:        It protects you from negative energy.
   Necro:     It increases the power of your Necromancy spells.
   It falls into the 'Staves' category.
   It is a one-handed weapon.
 f - a staff of poison
 F - a staff of conjuration (weapon)
 G - a staff of cold
 N - the staff "Miwn" {Contam rC++ Dex+3 Conj}
   (You acquired it on level 5 of the Lair of Beasts)

   [staff of conjuration]

   Base accuracy: +5 Base damage: 5 Base attack delay: 1.2 This weapon's minimum
   attack delay (0.6) is reached at skill level 12.
   Dex:       It affects your dexterity (+3).
   rC:        It greatly protects you from cold.
   Contam:    It causes magical contamination when unequipped.
   Conj:      It increases the power of your Conjurations spells.
   It falls into the 'Staves' category.
   It is a one-handed weapon.
Jewellery
 d - the amulet of Emakhl Hivei (around neck) {RegenMP rN+}
   (You found it in the Desolation of Salt)

   [amulet of magic regeneration]

   It increases your rate of magic regeneration.
   rN:        It protects you from negative energy.
 g - the ring of Free Will (right hand) {+Blink EV+5}
   (You took it off a minotaur in a Gauntlet)

   [ring of evasion]

   EV:        It affects your evasion (+5).
   +Blink:    It lets you blink.
 v - the ring "Ostesi" {rElec rPois}
   (You found it on level 5 of the Pits of Slime)

   [ring of poison resistance]

   rElec:     It insulates you from electricity.
   rPois:     It protects you from poison.
 w - the amulet of Ubisi {Acrobat Int+5}
   (You found it in the Desolation of Salt)

   [amulet of the acrobat]

   It increases your evasion while moving and waiting.
   Int:       It affects your intelligence (+5).
 z - a ring of protection from fire
 J - an amulet of regeneration
 T - a ring of willpower (left hand)
 V - a +6 ring of intelligence
 W - a ring of protection from cold
Wands
 k - a wand of quicksilver (46)
 p - a wand of charming (62)
 s - a wand of digging (31)
 H - a wand of iceblast (81)
 P - a wand of mindburst (61)
Scrolls
 c - 2 scrolls of brand weapon
 h - 12 scrolls of teleportation
 j - 6 scrolls of blinking
 m - 6 scrolls of amnesia
 r - 14 scrolls of fear
 t - 5 scrolls of enchant armour
 y - 3 scrolls of revelation
 B - 8 scrolls of fog
 O - 10 scrolls of enchant weapon
Potions
 e - 3 potions of mutation
 o - 9 potions of enlightenment
 q - 6 potions of haste
 x - 3 potions of cancellation
 A - 7 potions of attraction
 C - 5 potions of might
 E - 7 potions of brilliance
 K - 2 potions of magic
 M - 22 potions of curing
 R - 5 potions of resistance
 S - a potion of ambrosia
 U - 8 potions of heal wounds
 Y - 3 potions of invisibility


   Skills:
 + Level 14.2 Fighting
 - Level 12.0 Staves
 O Level 27 Dodging
 - Level 10.6 Stealth
 - Level 7.0 Shields
 - Level 20.0 Spellcasting
 O Level 27 Conjurations
 - Level 7.9 Necromancy
 - Level 5.0 Translocations
 O Level 27 Fire Magic
 - Level 8.0 Air Magic
 + Level 14.5 Earth Magic
 - Level 10.0 Evocations


You had 2 spell levels left.
You knew the following spells:

 Your Spells              Type           Power      Damage    Failure   Level
a - Leda's Unmaking       Conj/Erth      64%        9d10      1%          6
b - Orb of Destruction    Conj           70%        9d16      1%          7
c - Iskenderun's Mystic   Conj/Tloc      100%       2d19      1%          4
d - Mephitic Cloud        Conj/Pois/Air  100%       N/A       1%          3
e - Freezing Cloud        Conj/Ice/Air   51%        6-21      1%          5
f - Fire Storm            Conj/Fire      70%        8d18      1%          9
g - Starburst             Conj/Fire      70%        6d18      0%          6
h - Ignition              Fire           58%        3d16      1%          8
i - Lehudib's Crystal Sp  Conj/Erth      64%        10d15     1%          8
j - Plasma Beam           Fire/Air       48%        2x1d63    1%          6
Q - Sublimation of Blood  Necr           70%        N/A       1%          2

Your spell library contained the following spells:

 Spells                   Type           Power      Damage    Failure   Level
 Foxfire                  Conj/Fire      100%       2x1d9     0%          1
 Kiss of Death            Conj/Necr      100%       2d13      0%          1
 Magic Dart               Conj           100%       1d8       0%          1
 Sandblast                Erth           100%       2d20      0%          1
 Shock                    Conj/Air       100%       1d9       0%          1
 Momentum Strike          Conj/Tloc      100%       3d10      0%          2
 Searing Ray              Conj           100%       2d8       0%          2
 Static Discharge         Conj/Air       100%       2-7/arc   0%          2
 Apportation              Tloc           100%       N/A       1%          1
 Necrotise                Necr           100%       1d9       1%          1
 Slow                     Hex            100%       N/A       1%          1
 Sting                    Tmut/Pois      100%       1d8       1%          1
 Summon Small Mammal      Summ           100%       N/A       1%          1
 Cigotuvi's Dreadful Rot  Necr/Pois/Air  100%       N/A       1%          2
 Lesser Beckoning         Tloc           100%       N/A       1%          2
 Passwall                 Tmut/Erth      56%        N/A       1%          2
 Poisonous Vapours        Pois/Air       100%       N/A       1%          2
 Call Imp                 Summ           64%        N/A       3%          2
 Dazzling Flash           Conj/Hex       100%       N/A       0%          3
 Hailstorm                Conj/Ice       100%       3d20      0%          3
 Inner Flame              Hex/Fire       87%        N/A       0%          3
 Stone Arrow              Conj/Erth      100%       3d13      0%          3
 Sticky Flame             Conj/Fire      100%       2d11      0%          4
 Fireball                 Conj/Fire      70%        3d26      0%          5
 Iskenderun's Battlesphe  Conj           100%       2d15      0%          5
 Gell's Gravitas          Tloc           59%        N/A       1%          3
 Ignite Poison            Fire/Tmut/Pois 74%        N/A       1%          3
 Swiftness                Air            70%        N/A       1%          3
 Teleport Other           Tloc           59%        N/A       1%          3
 Vampiric Draining        Necr           70%        2d11      1%          3
 Vhi's Electric Charge    Tloc/Air       100%       N/A       1%          3
 Airstrike                Air            35%        2d(5-21)  1%          4
 Animate Dead             Necr           70%        N/A       1%          4
 Fulminant Prism          Conj/Hex       54%        3d22      1%          4
 Leda's Liquefaction      Hex/Erth       34%        N/A       1%          4
 Petrify                  Tmut/Erth      68%        N/A       1%          4
 Agony                    Necr           70%        N/A       1%          5
 Arcjolt                  Conj/Air       60%        1d70      1%          5
 Borgnjor's Vile Clutch   Necr/Erth      40%        N/A       1%          5
 Irradiate                Conj/Tmut      54%        3d29      1%          5
 Lee's Rapid Deconstruct  Erth           45%        3d22*     1%          5
 Conjure Ball Lightning   Conj/Air       60%        3x3d22    1%          6
 Spellforged Servitor     Conj/Summ      54%        N/A       1%          7
 Manifold Assault         Tloc           59%        N/A       2%          4
 Passage of Golubria      Tloc           59%        N/A       2%          4
 Anguish                  Hex/Necr       27%        N/A       3%          4
 Summon Lightning Spire   Summ/Air       55%        N/A       3%          4
 Call Canine Familiar     Summ           32%        N/A       6%          3
 Confusing Touch          Hex            32%        N/A       6%          3
 Spider Form              Tmut/Pois      32%        N/A       6%          3
 Summon Guardian Golem    Hex/Summ       32%        N/A       6%          3
 Tukima's Dance           Hex            32%        N/A       6%          3
 Silence                  Hex/Air        27%        N/A       11%         5
 Death Channel            Necr           35%        N/A       12%         6
 Yara's Violent Unravell  Hex/Tmut       16%        3d8       14%         5
 Statue Form              Tmut/Erth      45%        N/A       16%         6
 Cause Fear               Hex            16%        N/A       19%         4
 Ice Form                 Ice/Tmut       32%        N/A       19%         4
 Summon Forest            Summ/Tloc      24%        N/A       19%         5
 Dispersal                Tloc           29%        N/A       36%         6
 Chain Lightning          Conj/Air       60%        3d80      36%         9
 Blade Hands              Tmut           16%        N/A       47%         5
 Simulacrum               Ice/Necr       27%        N/A       52%         6
 Maxwell's Capacitive Co  Air            35%        ∞         71%         8
 Ozocubu's Refrigeration  Ice            16%        4d11      97%         7
 Storm Form               Tmut/Air       27%        N/A       97%         7
 Borgnjor's Revivificati  Necr           35%        N/A       99%         8
 Dragon Form              Tmut           16%        N/A       100%        7
 Enfeeble                 Hex            16%        N/A       100%        7
 Monstrous Menagerie      Summ           16%        N/A       100%        7
 Disjunction              Tloc           29%        N/A       100%        8
 Necromutation            Tmut/Necr      27%        N/A       100%        8
 Summon Horrible Things   Summ           16%        N/A       100%        8
 Death's Door             Necr           35%        N/A       100%        9
 Polar Vortex             Ice            16%        12d2*     100%        9


Dungeon Overview and Level Annotations

Branches:
Dungeon (15/15)            Temple (0/1) D:6            Lair (5/5) D:9
 Shoals (4/4) Lair:2        Snake (4/4) Lair:3        Slime (5/5) Lair:5
    Orc (2/2) D:10            Elf (3/3) Orc:2        Vaults (5/5) D:14
  Crypt (3/3) Vaults:3       Tomb (0/3) Crypt:3      Depths (4/4) D:15
    Zot (5/5) Depths:4      IceCv (visited)          WizLab (visited)
Desolation (visited)      Gauntlet (visited)

Altars:
Ashenzari
Elyvilon
Gozag
Kikubaaqudgha
Makhleb
Nemelex Xobeh
Sif Muna
Trog
Uskayaw
Vehumet
The Shining One
Jiyva
Lugonu

Shops:
D:1 =   D:3 :*?(   D:13 [   Orc:1 !   Orc:2 ?([!   Elf:2 ?[   Elf:3 ?::=*
Shoals:3 *   Snake:1 (   Vaults:1 (   Vaults:4 (   Zot:5 *   Depths:2 ?

Portals:
Hell: Depths:1 Depths:2 Depths:3 Depths:4
Abyss: Lair:5 Depths:1 Depths:3 Depths:4
Pandemonium: Depths:1 Depths:2
Ziggurat: Depths:2

Annotations:
D:7 1 runed translucent door, avis's ghost, novice FeSu
D:10 1 runed translucent door, reriks's ghost, journeyman GrFi
Lair:1 1 runed translucent door
Snake:2 Roxanne
Snake:4 1 exclusion
Elf:2 5 runed translucent doors
Depths:2 1 exclusion
Zot:4 4 exclusions


Innate Abilities, Weirdness & Mutations

You are agile. (Dex +4, Str/Int -1)
You are robust. (+10% HP)


Message History

You climb upwards.
There is a stone staircase leading down here.
Magic restored.
There is a stone staircase leading up here.
You climb upwards.
There is a stone staircase leading down here.
There is a stone staircase leading up here.
You climb upwards.
Level annotation: 1 runed translucent door, avis's ghost, novice FeSu
There is a stone staircase leading down here.
There is a stone staircase leading up here.
You climb upwards.
There is a stone staircase leading down here.
An orange demon comes into view.
Things that are here:
a +0 short sword; a stone; a +0 short sword You see here a +0 short sword.
There is a stone staircase leading up here.
You climb upwards.
There is a stone staircase leading down here.
(D) Dungeon (T) Temple (L) Lair (A) Shoals (P) Snake Pit (M) Slime Pits (O) Orcish Mines (E) Elven Halls (V) Vaults (C) Crypt (W) Tomb (U) Depths (H) Hell (Z) Zot
Where to? (Enter - D:1, ? - help)
There is a stone staircase leading up here.
You climb upwards.
There is a stone staircase leading down here.
You see here a +0 club.
There is a stone staircase leading up here.
You climb upwards.
There is a stone staircase leading down here.
There is a stone staircase leading up here.
You climb upwards.
There is a stone staircase leading down here.
There is a stone staircase leading up here.
You climb upwards.
There is a stone staircase leading down here.
There is a staircase leading out of the dungeon here.
You have escaped!

#......[#########.......# #.
#..#..#.PP....♣.#.......# #.
#.....♣..♣..............#####
##.#.........................
#.#..P.......PP...#.....#...
#.#P.....P.P..P...#...#.#.##
#.#....P.....P....#..##.#.#
######†#P...........P..#..##.#.#
#......#...P...@...P......##.#.#
#.######............P..#.....#.#
#.# #....P.....P....#...###.##
#.# #..♣...P.P..♣...#.#.......
#.######P♣.♣......♣....######..##
#.......#♣.♣......P...## ##.##
#######.##..P..♣......### ####..#
#.##.....P..♣♣....###......
##.##.##..###..........####.


There were no monsters in sight!

Vanquished Creatures
  the Royal Jelly (Slime:5)
  5 dread liches
  7 ancient liches
  Mara (Depths:3)
  4 orbs of fire (Zot:5)
  Parghit (Depths:3)
  Margery (Vaults:5)
  2 Killer Klowns (Zot:5)
  Saint Roka (Depths:1)
  3 curse toes
  9 golden dragons
  3 bone dragons
  3 doom hounds (Zot:2)
  3 electric golems
  17 tentacled monstrosities
  A Tzitzimitl (Zot:1)
  A shard shrike zombie (Crypt:1)
  24 Orb Guardians
  7 liches
  Jorgrun (Orc:2)
  A walking crystal tome (Depths:3)
  A walking earthen tome (Depths:3)
  Zenata (Crypt:2)
  2 Ice Fiends
  Mlioglotl (Shoals:3)
  2 deep elf blademasters (Elf:3)
  Asterion (Snake:1)
  Grunn (Zot:2)
  8 quicksilver dragons
  2 sphinxes (Crypt:3)
  2 deep elf master archers (Elf:3)
  17 acid blobs
  4 titans (Vaults:5)
  3 ancient champions
  9 death cobs
  Polyphemus (Shoals:2)
  2 krakens
  A thorn hunter (Depths:2)
  Frances (Snake:2)
  5 tengu reavers
  Gastronok (Lair:2)
  9 azure jellies
  10 storm dragons
  8 shadow dragons
  6 tentacled starspawn
  11 rockslimes
  Donald (Snake:1)
  Ilsuiw (Shoals:4)
  17 nagarajas (Snake:4)
  5 draconian knights
  6 frost giants
  6 draconian scorchers
  8 fire giants
  7 draconian monks
  2 iron dragons (Depths:3)
  4 imperial myrmidons (Desolation)
  17 vault wardens
  5 deep elf sorcerers (Elf:3)
  An orc warlord (Vaults:3)
  A caustic shrike zombie (WizLab)
  3 curse skulls
  Aizul (Snake:2)
  3 balrugs
  A spectral caustic shrike (WizLab)
  2 reapers (Zot:1)
  4 draconian shifters
  5 ghost moths
  An angel (D:15)
  A juggernaut zombie (Crypt:3)
  3 draconian annihilators
  8 draconian stormcallers
  4 ghouls
  18 stone giants
  A spriggan defender (Depths:2)
  6 deep elf elementalists
  3 cacodemons
  23 ironbound preservers
  9 ironbound thunderhulks
  15 quicksilver oozes
  7 formless jellyfish
  5 vampire knights
  7 war gargoyles
  10 green draconians
  A starflower (Abyss:4)
  18 red draconians
  7 deep elf demonologists
  A putrid mouth (Zot:2)
  13 very ugly things
  5 deep elf annihilators
  15 purple draconians
  3 yellow draconians
  A lorocyproca (Abyss:3)
  9 black draconians
  Azrael (Snake:2)
  4 white draconians
  A minotaur (Gauntlet)
  9 spark wasps
  7 halazid warlocks
  12 dire elephants
  A blizzard demon (D:10)
  4 eidola
  10 deep elf high priests
  4 crystal guardians
  6 jiangshi
  16 ettins
  8 deep elf death magi
  8 fire dragons
  20 great orbs of eyes
  21 yaktaur captains
  9 merfolk impalers
  4 ragged hierophants (Desolation)
  Josephine (Shoals:1)
  6 merfolk javelineers
  An entropy weaver (Vaults:5)
  An elf skeleton (Crypt:3)
  2 green deaths (Abyss:3)
  A salamander tyrant (Snake:4)
  2 hell beasts
  An ogre mage (Vaults:5)
  2 caustic shrike simulacra (IceCv)
  6 rakshasas
  A quicksilver dragon skeleton (Abyss:3)
  10 centaur warriors
  28 vault guards
  6 servants of whispers (Desolation)
  6 spriggan air magi
  11 ice dragons
  6 peacekeepers
  5 merfolk aquamancers
  2 merfolk avatars (Shoals:4)
  A radroach (shapeshifter) (Abyss:4)
  10 ironbound frosthearts
  12 anacondas
  3 death knights
  5 boulder beetles
  4 hydras
  3 catoblepae
  16 dancing weapons
  14 death yaks
  3 alligator snapping turtles
  6 tengu warriors
  9 two-headed ogres
  11 deep troll earth magi
  4 satyrs
  A fenstrider witch skeleton (Crypt:3)
  2 hell hogs
  12 deep troll shamans
  11 naga warriors
  27 thrashing horrors
  5 vampire magi
  4 shock serpents
  3 orc high priests (Orc:2)
  7 spriggan berserkers
  A titan zombie (Crypt:2)
  13 naga sharpshooters
  22 hell knights
  29 skeletal warriors
  A fire crab (D:14)
  7 wretched stars
  3 salamander mystics (Snake:4)
  5 iron trolls
  3 sun demons
  A skyshark (shapeshifter) (Depths:2)
  4 deep elf knights
  5 sixfirhies
  A bunyip zombie (Crypt:1)
  2 skysharks
  A titan skeleton (Crypt:3)
  A spatial maelstrom (Abyss:4)
  2 spectral anacondas (Snake:2)
  A shadow wraith (Vaults:5)
  4 flayed ghosts
  3 spark wasp zombies (WizLab)
  A shadow demon (Abyss:6)
  A death drake (shapeshifter) (Vaults:5)
  22 large abominations
  8 sea snakes
  8 glowing orange brains
  60 deep trolls
  A bog body (IceCv)
  A steelbarb worm (shapeshifter) (Lair:5)
  11 deep elf archers
  11 lindwurms
  18 ironbound convokers
  12 naga ritualists
  An obsidian statue (IceCv)
  5 spriggan simulacra (IceCv)
  6 necromancers
  34 starcursed masses
  22 deep elf pyromancers
  A spectral wolf spider (WizLab)
  8 wizards
  20 harpies
  11 phantasmal warriors
  An anaconda skeleton (Crypt:2)
  35 ugly things
  23 deep elf zephyrmancers
  2 shadow dragon skeletons
  11 orc knights
  10 cyclopes
  6 oklob plants
  20 fauns
  7 shining eyes
  20 moths of wrath
  22 manticores
  15 mana vipers
  A golden dragon skeleton (Crypt:1)
  A spectral spriggan (WizLab)
  7 orc sorcerers
  A stone giant skeleton (Crypt:3)
  A frost giant skeleton (D:15)
  A worldbinder (Abyss:6)
  14 naga magi
  7 elephants
  A moth of wrath (shapeshifter) (Depths:1)
  3 rust devils (Abyss:3)
  12 salamanders
  6 guardian serpents
  13 merfolk sirens
  Maurice (Orc:2)
  23 vault sentinels
  40 black mambas
  A torpor snail (Lair:4)
  4 eyes of devastation
  A molten gargoyle (Desolation)
  A shock serpent zombie (Crypt:2)
  11 smoke demons
  4 gargoyles (Crypt:3)
  A spectral sea snake (Snake:2)
  6 water nymphs
  15 cane toads
  2 efreet (Abyss:3)
  6 unseen horrors
  5 orange demons
  3 kobold demonologists
  A dire elephant skeleton (Crypt:3)
  A hellion (Abyss:6)
  An unseen horror (shapeshifter) (Elf:1)
  A green draconian zombie (Crypt:1)
  6 tengu conjurers
  A tormentor (Abyss:6)
  7 freezing wraiths
  A rime drake (shapeshifter) (Elf:1)
  A rime drake (Lair:2)
  8 komodo dragons
  5 ancient zymes
  2 yaktaurs (shapeshifter)
  5 ice devils (IceCv)
  An anaconda simulacrum (IceCv)
  3 guardian mummies
  2 spectral nagas (Snake:2)
  5 spriggan skeletons
  40 yaktaurs
  A green draconian skeleton (Crypt:2)
  3 red devils (Crypt:3)
  2 harpy zombies (WizLab)
  A tyrant leech (shapeshifter) (Depths:4)
  29 merfolk
  2 trolls
  3 meliai (D:15)
  5 wind drakes
  4 hornets
  29 saltlings (Desolation)
  A hornet (shapeshifter) (D:13)
  A death drake skeleton (Crypt:1)
  2 spriggan zombies
  3 polar bears
  6 raiju
  2 harpy skeletons (Crypt:3)
  29 blink frogs
  8 snapping turtles
  110 slime creatures
  Sigmund (D:3)
  4 dream sheep (Lair:5)
  A satyr skeleton (Crypt:1)
  A jumping spider (Vaults:5)
  6 shadows
  8 flying skulls (WizLab)
  20 wraiths
  8 yaks
  4 vampires
  4 spriggans
  15 water elementals
  13 wyverns
  6 ynoxinuls
  5 air elementals
  9 basilisks
  29 small abominations
  3 dire elephant simulacra (IceCv)
  2 fire bats
  8 golden eyes
  7 fire elementals
  3 redbacks
  A basilisk (shapeshifter) (Abyss:6)
  13 chaos spawn
  5 vampire mosquitoes
  5 neqoxecs
  13 minotaur simulacra (IceCv)
  A sea snake simulacrum (Snake:2)
  3 spatial vortices (Abyss:4)
  2 harpy simulacra (IceCv)
  6 wargs
  43 nagas
  2 naga zombies (Crypt:3)
  20 water moccasins
  2 acid dragons
  A glowing shapeshifter skeleton (D:15)
  12 hell hounds
  A floating eye (Depths:4)
  A black bear (shapeshifter) (Lair:5)
  42 orc warriors
  3 ice beasts
  A sky beast (D:7)
  5 black bears
  2 ettin simulacra (IceCv)
  A hog zombie (Crypt:2)
  5 ogres
  2 alligator simulacra (IceCv)
  8 wolves
  A phantom (D:5)
  A centaur (D:6)
  4 kobold brigands
  8 bullfrogs
  5 earth elementals
  12 deep troll simulacra (IceCv)
  A komodo dragon skeleton (Crypt:2)
  14 wights
  8 killer bees
  A yak skeleton (Crypt:1)
  A vampire bat (Abyss:3)
  4 electric eels
  7 howler monkeys
  A lava snake (D:15)
  A quasit (Abyss:4)
  2 hounds (D:6)
  20 orc priests
  An iron imp (Abyss:4)
  2 jellies
  3 iguanas
  A sleepcap (D:8)
  34 orc wizards
  A tengu skeleton (Crypt:2)
  2 naga skeletons
  8 mummies (Crypt:3)
  5 adders
  7 gnolls
  5 white imps
  3 ufetubi
  2 worms
  4 dart slugs
  82 orcs
  9 endoplasms
  5 giant cockroaches
  9 goblins
  14 hobgoblins
  2 quokkas (D:2)
  7 ball pythons
  5 bats (D:1)
  2 frilled lizards (D:3)
  15 kobolds
  A quokka skeleton (Crypt:1)
  A quokka zombie (Crypt:2)
  3 rats
  2 fire vortices
  3 lurking horrors
  2 starspawn tentacles (Abyss:4)
  5 tentacles
2675 creatures vanquished.

Vanquished Creatures (collateral kills)
  2 Orb Guardians (Zot:5)
  A quicksilver dragon (Zot:5)
  2 draconian shifters
  A white draconian (Zot:2)
  A slime creature (Slime:5)
  3 small abominations
  An ufetubus (Abyss:3)
  An orc (Vaults:5)
12 creatures vanquished.

Vanquished Creatures (others)
  A queen bee (Gauntlet)
  A saltling (Desolation)
  A flying skull (WizLab)
  A fire bat (Abyss:6)
  2 guardian serpent simulacra (Snake:2)
  A small abomination (Abyss:3)
  221 fire vortices
  A lurking horror (Abyss:6)
  25 starspawn tentacles
  7 tentacles
261 creatures vanquished.

Grand Total: 2948 creatures vanquished

Notes
Turn   | Place    | Note
-------+----------+-------------------------------------------
     0 | D:1      | RepHenryClay the Deep Elf Conjurer began the quest for the
                  | Orb.
     0 | D:1      | Reached XP level 1. HP: 10/10 MP: 6/6
   205 | D:1      | Reached XP level 2. HP: 6/15 MP: 0/8
   751 | D:1      | Reached XP level 3. HP: 19/19 MP: 3/10
  1015 | D:1      | Found Qynlig's Jewellery Boutique.
  1536 | D:2      | Reached XP level 4. HP: 24/24 MP: 5/11
  1542 | D:2      | Learned a level 2 spell: Searing Ray
  1547 | D:2      | Learned a level 4 spell: Iskenderun's Mystic Blast
  1943 | D:3      | Found Mase's Book Emporium.
  1973 | D:3      | Found Odwyng's General Store.
  1980 | D:3      | Bought a potion of degeneration for 13 gold pieces
  2024 | D:3      | Found Hirghamiu's Weapon Emporium.
  2035 | D:3      | Reached skill level 5 in Conjurations
  2104 | D:3      | Found Xaeqoh's Magic Scroll Shoppe.
  2242 | D:3      | Found a radiant altar of Vehumet.
  2402 | D:3      | Noticed Sigmund
  2407 | D:3      | Reached skill level 10 in Dodging
  2407 | D:3      | Reached skill level 10 in Conjurations
  2407 | D:3      | Reached XP level 5. HP: 28/28 MP: 9/13
  2408 | D:3      | Gained mutation: You are frail. (-10% HP) [potion of
                  | mutation]
  2408 | D:3      | Lost mutation: You are frail. (-10% HP) [potion of
                  | mutation]
  2412 | D:3      | Killed Sigmund
  2413 | D:3      | Reached XP level 6. HP: 29/32 MP: 7/14
  2415 | D:3      | Reached XP level 7. HP: 39/42 MP: 7/18
  2591 | D:3      | Found a sparkling altar of Nemelex Xobeh.
  2732 | D:3      | Became a worshipper of Vehumet
  3366 | D:4      | Reached * piety under Vehumet
  3366 | D:4      | Offered knowledge of Foxfire by Vehumet.
  3372 | D:4      | Reached XP level 8. HP: 48/48 MP: 12/19
  3631 | D:5      | Entered Level 5 of the Dungeon
  4036 | D:5      | Reached skill level 1 in Translocations
  4137 | D:5      | Found an opulent altar of Gozag.
  4237 | D:5      | Found a bloodstained altar of Trog.
  4809 | D:6      | Found a staircase to the Ecumenical Temple.
  5069 | D:6      | Reached XP level 9. HP: 52/52 MP: 12/20
  5253 | D:6      | Reached skill level 5 in Translocations
  5255 | D:6      | Offered knowledge of Static Discharge by Vehumet.
  5498 | D:6      | Reached ** piety under Vehumet
  6088 | D:7      | Found a runed translucent door.
  6088 | D:7      | Noticed a cyan ugly thing
  6088 | D:7      | Noticed avis's ghost (novice FeSu)
  6374 | D:8      | Found a broken altar of Ashenzari.
  6476 | D:8      | Noticed a two-headed ogre
  6486 | D:8      | Killed a two-headed ogre
  6527 | D:8      | Identified the +1 short sword of Hysk {heavy, rElec rCorr
                  | Str-3 SInv}
  6607 | D:8      | Reached XP level 10. HP: 58/58 MP: 21/21
  7353 | D:9      | Found a staircase to the Lair.
  7360 | D:9      | Offered knowledge of Volatile Blastmotes by Vehumet.
  8148 | D:10     | Entered Level 10 of the Dungeon
  8155 | D:10     | Reached skill level 5 in Fighting
  8223 | D:10     | Reached *** piety under Vehumet
  8567 | D:10     | Found a staircase to the Orcish Mines.
  8809 | D:10     | Paralysed by a hornet for 3 turns
  9127 | D:10     | Found a hide-covered altar of Uskayaw.
  9127 | D:10     | Found a burning altar of Makhleb.
  9171 | D:10     | Found a runed translucent door.
  9239 | D:10     | Found a shimmering blue altar of Sif Muna.
  9761 | D:10     | Noticed reriks's ghost (journeyman GrFi)
  9800 | Orc:1    | Entered Level 1 of the Orcish Mines
  9856 | Orc:2    | Entered Level 2 of the Orcish Mines
  9996 | Orc:2    | Noticed Jorgrun
 10093 | Lair:1   | Entered Level 1 of the Lair of Beasts
 10100 | Lair:1   | Reached XP level 11. HP: 59/63 MP: 22/22
 10105 | Lair:1   | Offered knowledge of Mephitic Cloud by Vehumet.
 10113 | Lair:1   | Learned a level 3 spell: Mephitic Cloud
 10229 | Lair:1   | Found a gate leading to a gauntlet.
 10238 | Gauntlet | Entered a Gauntlet
 10238 | Gauntlet | Found a transporter.
 10328 | Gauntlet | Found a transporter.
 10343 | Gauntlet | Found a transporter.
 10348 | Gauntlet | Found a transporter.
 10349 | Gauntlet | Noticed a reaper
 10365 | Gauntlet | Found a transporter.
 10386 | Gauntlet | Found a transporter.
 10389 | Gauntlet | Noticed an obsidian statue
 10392 | Gauntlet | Noticed a hell beast
 10395 | Gauntlet | Found a transporter.
 10407 | Gauntlet | Found a transporter.
 10419 | Gauntlet | Found a transporter.
 10420 | Gauntlet | Noticed a reaper
 10431 | Gauntlet | Found a transporter.
 10433 | Gauntlet | Noticed a cacodemon
 10448 | Gauntlet | Found a transporter.
 10466 | Gauntlet | Found a transporter.
 10468 | Gauntlet | Found a transporter.
 10470 | Gauntlet | Noticed a fire crab
 10495 | Gauntlet | Found a transporter.
 10513 | Gauntlet | Found a transporter.
 10515 | Gauntlet | Found a transporter.
 10595 | Gauntlet | Found a transporter.
 10602 | Gauntlet | Learned a level 5 spell: Freezing Cloud
 10623 | Gauntlet | Found a transporter.
 10976 | Gauntlet | Killed a hell beast
 11086 | Gauntlet | Identified the +0 pair of boots "Qoufacaf" {Fly SInv}
 11126 | Gauntlet | Identified the ring of Free Will {+Blink EV+5}
 11126 | Gauntlet | Noticed a minotaur
 11126 | Gauntlet | Found the +2 cloak of the Thief {*Fog Slay-2 SInv Stlth+}
 11140 | Gauntlet | Killed a minotaur
 11176 | Gauntlet | Got the Omnibus of Helpful Position
 11310 | Lair:1   | Reached **** piety under Vehumet
 11417 | Lair:1   | Offered knowledge of Flame Wave by Vehumet.
 11687 | Lair:1   | Reached skill level 15 in Dodging
 11752 | Lair:1   | Noticed a catoblepas
 11752 | Lair:1   | Noticed a catoblepas
 11774 | Lair:1   | Found a runed translucent door.
 11939 | Lair:1   | Identified the +4 leather armour of the Terrible God {rElec
                  | rF- rN++ rCorr}
 12124 | Lair:1   | Noticed a death yak
 12153 | Lair:1   | Killed a death yak
 12362 | Lair:2   | Noticed a catoblepas
 12371 | Lair:2   | Killed a catoblepas
 12398 | Lair:2   | Noticed Gastronok
 12487 | Lair:2   | Killed Gastronok
 12488 | Lair:2   | Reached XP level 12. HP: 68/68 MP: 9/23
 12764 | D:3      | Bought a book of the Spheres for 702 gold pieces
 12770 | D:3      | Learned a level 5 spell: Iskenderun's Battlesphere
 13116 | Lair:2   | Reached skill level 15 in Conjurations
 13402 | Lair:2   | Learned a level 7 spell: Orb of Destruction
 13553 | Lair:2   | Found a staircase to the Shoals.
 13760 | Lair:2   | Upgraded the game from 0.31-a0-233-g139696dc86 to
                  | 0.31-a0-236-g9a0961fb85
 14049 | Lair:3   | Identified the +9 dagger of Kor Tial {drain, rCorr}
 14049 | Lair:3   | Noticed a boulder beetle
 14059 | Lair:3   | Killed a boulder beetle
 14150 | Lair:3   | Reached skill level 10 in Spellcasting
 14778 | Lair:3   | Found a staircase to the Snake Pit.
 15336 | Lair:4   | Noticed a catoblepas
 15344 | Lair:4   | Killed a catoblepas
 15522 | Lair:4   | Reached XP level 13. HP: 72/72 MP: 18/31
 15871 | Lair:4   | Reached ***** piety under Vehumet
 15871 | Lair:4   | Offered knowledge of Arcjolt by Vehumet.
 15977 | Lair:4   | Identified the +8 dagger of Kismet {heavy, rElec}
 16411 | Lair:4   | Reached skill level 15 in Spellcasting
 16824 | Lair:5   | Entered Level 5 of the Lair of Beasts
 17322 | Lair:5   | Identified a scroll of acquirement
 17324 | Lair:5   | Acquired the staff "Miwn" {Contam rC++ Dex+3 Conj}
 17554 | Lair:5   | Identified the +1 ring mail "Keghef" {*Corrode Dex+6
                  | Slay+5}
 17737 | Lair:5   | Found a viscous altar of Jiyva.
 17782 | Lair:5   | Found a staircase to the Slime Pits.
 18439 | Lair:5   | Reached XP level 14. HP: 68/78 MP: 37/38
 18832 | Lair:5   | Identified the +7 flail "Ofrob" {holy, rElec rN+ Will-
                  | Int+5}
 18921 | Lair:5   | Found a corrupted altar of Lugonu.
 18921 | Lair:5   | Found a one-way gate to the infinite horrors of the Abyss.
 19733 | D:11     | Offered knowledge of Starburst by Vehumet.
 19787 | D:11     | Learned a level 6 spell: Starburst
 20178 | Orc:2    | Killed Jorgrun
 20334 | Orc:2    | Found a staircase to the Elven Halls.
 20779 | Orc:2    | Noticed Maurice
 21016 | Orc:1    | Found a runed translucent door.
 21126 | Orc:1    | Found Wuhoc's Distillery.
 21143 | Orc:1    | Bought a potion of curing for 30 gold pieces
 21143 | Orc:1    | Bought a potion of curing for 30 gold pieces
 21143 | Orc:1    | Bought a potion of curing for 30 gold pieces
 21571 | Orc:2    | Killed Maurice
 21744 | Orc:2    | Found Gygop's Distillery.
 21744 | Orc:2    | Found Jilytz's Antique Armour Emporium.
 21746 | Orc:2    | Found Osiasur's Weapon Shop.
 21746 | Orc:2    | Found Qohess's Magic Scroll Shop.
 21754 | Orc:2    | Bought a potion of heal wounds for 65 gold pieces
 21765 | Orc:2    | Bought a scroll of blinking for 82 gold pieces
 21765 | Orc:2    | Bought a scroll of teleportation for 33 gold pieces
 21767 | Orc:2    | Bought a pair of embroidered boots for 277 gold pieces
 21767 | Orc:2    | Bought a shiny buckler for 277 gold pieces
 21908 | D:12     | Reached skill level 1 in Shields
 22951 | D:13     | Identified the +0 ring mail "Qoephoqu" {SInv}
 23000 | D:13     | Reached XP level 15. HP: 82/82 MP: 40/40
 23439 | D:13     | Found Ikigiw's Armour Boutique.
 24089 | D:14     | Reached skill level 5 in Shields
 24395 | D:14     | Found a gate to the Vaults.
 24626 | D:14     | Offered knowledge of Eringya's Noxious Bog by Vehumet.
 24646 | D:14     | Reached ****** piety under Vehumet
 24991 | D:15     | Entered Level 15 of the Dungeon
 25030 | D:15     | Found a frozen archway.
 25040 | IceCv    | Entered an ice cave
 25576 | IceCv    | Noticed an Ice Fiend
 26316 | IceCv    | Killed an Ice Fiend
 26849 | D:15     | Offered knowledge of Ozocubu's Refrigeration by Vehumet.
 26939 | D:15     | Found a staircase to the Depths.
 27067 | D:15     | Learned a level 7 spell: Ozocubu's Refrigeration
 27687 | D:15     | Reached XP level 16. HP: 78/87 MP: 39/41
 28019 | Shoals:1 | Entered Level 1 of the Shoals
 28333 | Shoals:1 | Noticed Josephine
 28340 | Shoals:1 | Killed Josephine
 29582 | Shoals:2 | Noticed Polyphemus
 29600 | Shoals:2 | Killed Polyphemus
 29720 | Shoals:2 | Identified the +1 robe of the Flute {rElec Regen+ Dex+2}
 30516 | Shoals:3 | Offered knowledge of Spellforged Servitor by Vehumet.
 30732 | Shoals:3 | Identified the +0 helmet of Activism {rPois rN+ Will-
                  | Dex+2}
 31268 | Shoals:3 | Found Zoon's CLEARANCE SALE!.
 31273 | Shoals:3 | Bought a potion of heal wounds for 30 gold pieces
 31380 | Shoals:3 | Noticed Mlioglotl
 31388 | Shoals:3 | Killed Mlioglotl
 31520 | Shoals:3 | Noticed a kraken
 31573 | Shoals:3 | Killed a kraken
 32415 | Shoals:4 | Entered Level 4 of the Shoals
 32880 | Shoals:4 | Reached XP level 17. HP: 92/92 MP: 31/42
 33429 | Shoals:4 | Got a barnacled rune of Zot
 33474 | Shoals:4 | Offered knowledge of Arcjolt by Vehumet.
 33904 | Shoals:4 | Identified the +0 whip of Loabreik {freeze, Drain rPois
                  | Dex+3}
 34149 | Shoals:4 | Noticed Ilsuiw
 34164 | Shoals:4 | Killed Ilsuiw
 34353 | Shoals:4 | Identified the amulet "Yntoreoso" {Acrobat Will+}
 34471 | Shoals:4 | Got the Reference Book on Position and Fumes
 34697 | Snake:1  | Entered Level 1 of the Snake Pit
 34699 | Snake:1  | Noticed Donald
 34708 | Snake:1  | Killed Donald
 34782 | Snake:1  | Noticed Asterion
 34791 | Snake:1  | Killed Asterion
 35320 | Snake:1  | Found Isuloapto's Weapon Emporium.
 36449 | Snake:2  | Noticed Aizul
 36459 | Snake:2  | Killed Aizul
 36745 | Snake:2  | Noticed Azrael
 36749 | Snake:2  | Offered knowledge of Lehudib's Crystal Spear by Vehumet.
 36756 | Snake:2  | Killed Azrael
 36811 | Snake:2  | Noticed Frances
 37024 | Snake:2  | Noticed Roxanne
 37035 | Snake:2  | Learned a level 8 spell: Lehudib's Crystal Spear
 37356 | Snake:2  | Killed Frances
 37838 | Snake:2  | Reached XP level 18. HP: 102/104 MP: 24/43
 38423 | Snake:2  | You are sucked into a shaft and drop 1 floor!
 38971 | Snake:3  | Found a glowing golden altar of the Shining One.
 38984 | Snake:3  | Reached skill level 10 in Fighting
 39400 | Snake:4  | Entered Level 4 of the Snake Pit
 39523 | Snake:4  | Offered knowledge of Polar Vortex by Vehumet.
 39523 | Snake:4  | Offered knowledge of Ignition by Vehumet.
 39523 | Snake:4  | Offered knowledge of Maxwell's Capacitive Coupling by
                  | Vehumet.
 41796 | Snake:4  | Got a serpentine rune of Zot
 42173 | Vaults:1 | Entered Level 1 of the Vaults
 42315 | Vaults:1 | Found a crumbling gateway.
 42335 | Desolati | Entered the Desolation of Salt
 42400 | Desolati | Learned a level 6 spell: Plasma Beam
 42428 | Desolati | Found the +3 warlock's mirror {omnireflect}
 42454 | Desolati | Reached skill level 1 in Fire Magic
 42475 | Desolati | Reached skill level 1 in Air Magic
 42475 | Desolati | Reached XP level 19. HP: 109/119 MP: 37/44
 43013 | Desolati | Identified the +3 short sword "Dragonbane" {vamp, +Blink
                  | rC- Int+4}
 43015 | Desolati | Identified the amulet of Emakhl Hivei {RegenMP rN+}
 43350 | Desolati | Reached skill level 5 in Fire Magic
 43417 | Desolati | Identified the amulet of Ubisi {Acrobat Int+5}
 43602 | Vaults:1 | Found Asmyucso's Weapon Emporium.
 43605 | Vaults:1 | Reached skill level 5 in Air Magic
 44458 | Vaults:1 | Identified the +7 ring mail "Fipualim" {rN+ Regen+ Int-4
                  | SInv}
 44582 | Vaults:1 | Identified the +0 chain mail "Dielidwu" {rN++ SInv}
 44960 | Vaults:2 | Reached skill level 10 in Fire Magic
 45428 | Vaults:2 | Reached XP level 20. HP: 89/124 MP: 43/45
 46810 | Vaults:3 | Identified the +0 dagger "Tacashil" {drain, MP-9 Int-2 SInv
                  | Stlth+}
 47115 | Vaults:3 | Identified the +5 mace of Autumn {freeze, Fly Dex+5}
 47442 | Vaults:3 | Found a staircase to the Crypt.
 47513 | Vaults:3 | Reached skill level 15 in Fire Magic
 47874 | Vaults:3 | Identified the +1 rapier "Dehex" {freeze, Dex+3}
 48179 | Vaults:3 | Learned a level 8 spell: Ignition
 48180 | Crypt:1  | Entered Level 1 of the Crypt
 48891 | Vaults:4 | Identified the +5 war axe of Pichoiz {venom, Str+3}
 49476 | Vaults:4 | Identified the +2 ring mail of the Wilderness {rCorr
                  | Slay+3}
 49603 | Vaults:4 | Reached XP level 21. HP: 129/129 MP: 31/46
 49924 | Vaults:4 | Found Ceruf's Antique Weapon Shop.
 50379 | Vaults:4 | Acquired 541 gold pieces
 50627 | Depths:1 | Entered Level 1 of the Depths
 51266 | Depths:1 | Found a gateway to Hell.
 51375 | Depths:1 | Found a one-way gate leading to the halls of Pandemonium.
 51565 | Depths:1 | Found an ancient bone altar of Kikubaaqudgha.
 51602 | Depths:1 | Noticed Saint Roka
 51625 | Depths:1 | Killed Saint Roka
 51851 | Depths:1 | Found a white marble altar of Elyvilon.
 53184 | Depths:2 | Found Qebigut's Magic Scroll Boutique.
 53191 | Depths:2 | Bought a scroll of fear for 52 gold pieces
 53191 | Depths:2 | Bought 2 scrolls of blinking for 195 gold pieces
 53191 | Depths:2 | Bought a scroll of teleportation for 39 gold pieces
 53191 | Depths:2 | Bought a scroll of blinking for 97 gold pieces
 53430 | Depths:2 | Found a one-way gateway to a ziggurat.
 53867 | Depths:3 | Found a magical portal.
 53876 | WizLab   | Entered Borgnjor's Mausoleum
 54000 | WizLab   | Reached XP level 22. HP: 135/135 MP: 18/47
 54394 | WizLab   | Got the Compilation of Abominable Liturgies
 54786 | Depths:3 | Noticed Parghit
 55037 | Depths:3 | Killed Parghit
 55583 | Depths:3 | Noticed Mara
 55587 | Depths:3 | Killed Mara
 55921 | Depths:3 | Found a burning altar of Makhleb.
 56166 | Depths:3 | Noticed a golden dragon
 56167 | Depths:3 | Identified the ring of the Salamander {Will+ Int-5 Dex+5}
 56172 | Depths:3 | Killed a golden dragon
 56323 | Depths:4 | Entered Level 4 of the Depths
 56332 | Depths:4 | Found a flickering gateway to a bazaar.
 56342 | Bazaar   | Entered a bazaar
 56344 | Bazaar   | Found Ririogg's Armour Shop.
 56361 | Bazaar   | Found Udynto's Antique Weapon Shop.
 56368 | Bazaar   | Found Sadeetakk's Weapon Shop.
 56381 | Bazaar   | Found Yzeraptoups's General Store.
 56389 | Bazaar   | Bought a scroll of teleportation for 45 gold pieces
 57178 | Depths:4 | Found a gate to the Realm of Zot.
 57662 | Depths:4 | Noticed a golden dragon
 57670 | Depths:4 | Killed a golden dragon
 58370 | Elf:1    | Entered Level 1 of the Elven Halls
 58515 | Elf:1    | Identified the +6 scale mail of Ciojijya {Rampage rC+ SInv}
 58922 | Elf:1    | Reached XP level 23. HP: 140/140 MP: 43/48
 59221 | Elf:1    | Identified the +5 scale mail of Responsibility {rC+ SInv}
 59223 | Elf:1    | Identified the ring "Keesielu" {Str+3 SInv}
 59730 | Elf:2    | Acquired Sif Muna's Tome of Death and Violence
 59746 | Elf:2    | Learned a level 9 spell: Fire Storm
 59757 | Elf:2    | Found a huge runed translucent gate.
 59757 | Elf:2    | Found a huge runed translucent gate.
 59758 | Elf:2    | Found a huge runed translucent gate.
 59758 | Elf:2    | Found a huge runed translucent gate.
 59759 | Elf:2    | Found a huge runed translucent gate.
 59998 | Elf:2    | Found Tiluv's Magic Scroll Shop.
 60025 | Elf:2    | Paralysed by an air elemental for 1 turns
 60036 | Elf:2    | Found Piwu Copn's Antique Armour Boutique.
 60391 | Elf:3    | Entered Level 3 of the Elven Halls
 60445 | Elf:3    | Paralysed by an air elemental for 1 turns
 60684 | Elf:3    | Got the Quarto of Friendly Pollution
 61031 | Elf:3    | Found the +8 autumn katana {manifold assault}
 61033 | Elf:3    | Found the +5 scythe "Finisher" {speed, execute}
 61037 | Elf:3    | Identified the +7 dire flail of Lust {antimagic, Will++}
 61060 | Elf:3    | Identified the +8 broad axe "Neteg" {flame, Will+}
 61180 | Elf:3    | Got the Octavo of the Dynamic Brume
 61188 | Elf:3    | Identified the +10 great mace "Ritab" {antimagic, rN+ rCorr
                  | Str-2 Stlth+}
 61317 | Elf:3    | Reached skill level 27 in Fire Magic
 61331 | Elf:3    | Found Seciuc's Magic Scroll Emporium.
 61461 | Elf:3    | Found Hunenec's Jewellery Boutique.
 61461 | Elf:3    | Found Ygyr's Book Emporium.
 61462 | Elf:3    | Found Kuyhin's Book Emporium.
 61550 | Elf:3    | Found Cutirghed's Assorted Antiques.
 61553 | Elf:3    | Bought a smoking robe for 239 gold pieces
 61553 | Elf:3    | Identified the +2 robe of the Eternal Void {*Corrode +Blink
                  | rC++ Dex+2} (You bought it in a shop on level 3 of the
                  | Elven Halls)
 61553 | Elf:3    | Bought a weird smoking staff for 504 gold pieces
 61911 | Elf:3    | Identified the +3 mace of the Doomed Warrior {speed, rCorr
                  | Stlth+}
 61915 | Elf:3    | Upgraded the game from 0.31-a0-236-g9a0961fb85 to
                  | 0.31-a0-237-g2d982f9f85
 62376 | Vaults:5 | Entered Level 5 of the Vaults
 62632 | Vaults:5 | Noticed Margery
 62633 | Vaults:5 | Reached skill level 5 in Evocations
 62851 | Vaults:5 | Killed Margery
 63125 | Vaults:5 | Identified the +2 pair of boots of Dyspraxia {+Blink rElec
                  | Slay+3}
 63315 | Vaults:5 | Reached XP level 24. HP: 145/145 MP: 33/48
 63703 | Vaults:5 | Got a silver rune of Zot
 63704 | Vaults:5 | Identified the amulet "Luacsuic" {Spirit rN+ Dex+3}
 63787 | Vaults:5 | Identified the ring of Ytoo {Str+3 Dex+2 SInv}
 63852 | Vaults:5 | Identified the +2 rapier of Defilement {speed, rF+ Will-
                  | SInv}
 64010 | Vaults:5 | Reached skill level 27 in Dodging
 64018 | Vaults:5 | Reached skill level 1 in Staves
 64245 | Vaults:5 | Reached skill level 5 in Staves
 64427 | Vaults:5 | Identified the +0 helmet of the Dragon {rF+}
 64434 | Vaults:5 | Identified the staff of Untruth {rC+ rN+ Necro}
 64441 | Vaults:5 | Got the Tome of Gaseous Transmigration
 64935 | Zot:1    | Entered Level 1 of the Realm of Zot
 65332 | Slime:1  | Entered Level 1 of the Pits of Slime
 66557 | Slime:4  | Reached skill level 1 in Earth Magic
 67239 | Slime:5  | Entered Level 5 of the Pits of Slime
 67405 | Slime:4  | Learned a level 6 spell: Leda's Unmaking
 67609 | Slime:5  | Noticed the Royal Jelly
 67827 | Slime:5  | Found a viscous altar of Jiyva.
 68066 | Slime:5  | Reached skill level 10 in Staves
 68118 | Slime:5  | Killed the Royal Jelly
 68574 | Slime:5  | Identified the +9 storm dragon scales "Zauclarr" {rElec rC+
                  | Dex+2}
 68608 | Slime:5  | Identified the +10 dagger "Pejuru" {drain, Dex+8 Stlth-}
 68610 | Slime:5  | Identified the +1 halberd "Dahuot" {chaos, Int+4 Dex+2}
 68628 | Slime:5  | Got a slimy rune of Zot
 68635 | Slime:5  | Got the Tome of Shapes
 68637 | Slime:5  | Identified the +9 glaive of Success {holy, Will+}
 68655 | Slime:5  | Identified the ring "Ostesi" {rElec rPois}
 70466 | Crypt:2  | Reached XP level 25. HP: 132/150 MP: 38/49
 70607 | Crypt:2  | Noticed Zenata
 70612 | Crypt:2  | Killed Zenata
 71146 | Crypt:3  | Entered Level 3 of the Crypt
 71735 | Crypt:3  | Reached skill level 10 in Evocations
 71949 | Crypt:3  | Found a staircase to the Tomb.
 72224 | Crypt:3  | Acquired 1211 gold pieces
 72444 | Crypt:3  | Noticed an ancient lich
 72444 | Crypt:3  | Noticed an ancient lich
 72885 | Crypt:3  | Killed an ancient lich
 72934 | Crypt:3  | Killed an ancient lich
 72986 | Crypt:3  | Found an ancient bone altar of Kikubaaqudgha.
 72987 | Crypt:3  | Noticed a dread lich
 72990 | Crypt:3  | Killed a dread lich
 72991 | Crypt:3  | Reached skill level 5 in Earth Magic
 73253 | Crypt:3  | Learned a level 2 spell: Sublimation of Blood
 73528 | Depths:1 | Voluntarily entered the Abyss.
 73528 | Abyss:1  | Found a corrupted altar of Lugonu.
 73579 | Abyss:1  | Reached skill level 1 in Necromancy
 73715 | Abyss:3  | Found a corrupted altar of Lugonu.
 73975 | Abyss:3  | Noticed an ancient lich
 73980 | Abyss:3  | Killed an ancient lich
 74098 | Abyss:3  | Reached skill level 5 in Necromancy
 74418 | Abyss:3  | Found a corrupted altar of Lugonu.
 74830 | Abyss:4  | Reached skill level 10 in Stealth
 74885 | Abyss:4  | Lost strength.
 74922 | Depths:1 | Escaped the Abyss
 75194 | Depths:3 | Voluntarily entered the Abyss.
 75292 | Abyss:4  | Paralysed by accursed screaming for 1 turns
 75373 | Abyss:6  | Found a corrupted altar of Lugonu.
 75393 | Depths:3 | Escaped the Abyss
 75528 | Depths:3 | Voluntarily entered the Abyss.
 75528 | Abyss:6  | Found a corrupted altar of Lugonu.
 75594 | Abyss:6  | Gained mutation: You are clumsy. (Dex -2) [a cacodemon]
 75596 | Abyss:6  | Reached XP level 26. HP: 153/156 MP: 31/49
 75636 | Depths:3 | Escaped the Abyss
 75766 | Depths:3 | Voluntarily entered the Abyss.
 75800 | Abyss:6  | Found a corrupted altar of Lugonu.
 75801 | Abyss:6  | Lost strength.
 75838 | Abyss:6  | Reached skill level 10 in Earth Magic
 75998 | Abyss:7  | Entered Level 7 of the Abyss
 76005 | Depths:3 | Escaped the Abyss
 76397 | Zot:1    | Acquired the amulet of Humiri {Acrobat rF+ Dex+3}
 76398 | Zot:1    | Acquired the +2 pair of gloves "Reuhustru" {+Blink rF+}
 76712 | Zot:1    | You fall into a shaft and drop 1 floor!
 78289 | Zot:2    | Noticed Grunn
 78300 | Zot:2    | Killed Grunn
 81472 | Zot:4    | Got Sif Muna's Omnibus of Metamorphosis and Turbulence
 82494 | Zot:4    | Noticed an orb of fire
 82726 | Zot:5    | Entered Level 5 of the Realm of Zot
 82800 | Zot:5    | Found Nugithe's Changing Room.
 82829 | Zot:5    | Reached XP level 27. HP: 160/160 MP: 39/49
 82998 | Zot:5    | Noticed an orb of fire
 83005 | Zot:5    | Killed an orb of fire
 83053 | Zot:5    | Noticed an orb of fire
 83131 | Zot:5    | Killed an orb of fire
 83258 | Zot:5    | Noticed an orb of fire
 83274 | Zot:5    | Gained mutation: You are occasionally teleported next to
                  | monsters. [an orb of fire]
 83275 | Zot:5    | Gained mutation: You occasionally lose the ability to drink
                  | potions when taking damage. [an orb of fire]
 83277 | Zot:5    | Gained mutation: Your body sometimes deteriorates upon
                  | taking damage. [an orb of fire]
 83278 | Zot:5    | Killed an orb of fire
 83281 | Zot:4    | Lost mutation: Your body sometimes deteriorates upon taking
                  | damage. [potion of mutation]
 83281 | Zot:4    | Lost mutation: You occasionally lose the ability to drink
                  | potions when taking damage. [potion of mutation]
 83281 | Zot:4    | Gained mutation: Your muscles are strong. (Str +4, Int/Dex
                  | -1) [potion of mutation]
 83281 | Zot:4    | Gained mutation: You are somewhat resistant to further
                  | mutation. [potion of mutation]
 83282 | Zot:4    | Lost mutation: You are clumsy. (Dex -2) [potion of
                  | mutation]
 83282 | Zot:4    | Lost mutation: Your muscles are strong. (Str +4, Int/Dex
                  | -1) [potion of mutation]
 83282 | Zot:4    | Gained mutation: Your natural rate of healing is unusually
                  | fast. [potion of mutation]
 83283 | Zot:4    | Lost mutation: Your natural rate of healing is unusually
                  | fast. [potion of mutation]
 83283 | Zot:4    | Lost mutation: You are somewhat resistant to further
                  | mutation. [potion of mutation]
 83283 | Zot:4    | Lost mutation: You are occasionally teleported next to
                  | monsters. [potion of mutation]
 83283 | Zot:4    | Gained mutation: You are agile. (Dex +4, Str/Int -1)
                  | [potion of mutation]
 83283 | Zot:4    | Gained mutation: You are robust. (+10% HP) [potion of
                  | mutation]
 83362 | Zot:5    | Noticed an orb of fire
 83366 | Zot:5    | Killed an orb of fire
 83595 | Zot:5    | Noticed a dread lich
 83598 | Zot:5    | Killed a dread lich
 83765 | Zot:5    | Noticed a dread lich
 83785 | Zot:5    | Killed a dread lich
 83837 | Zot:5    | Noticed an ancient lich
 83840 | Zot:5    | Killed an ancient lich
 83902 | Zot:5    | Noticed an ancient lich
 83912 | Zot:5    | Killed an ancient lich
 84152 | Zot:5    | Reached skill level 27 in Conjurations
 84532 | Zot:5    | Noticed an ancient lich
 84535 | Zot:5    | Killed an ancient lich
 84605 | Zot:5    | Noticed a dread lich
 84608 | Zot:5    | Killed a dread lich
 84955 | Zot:5    | Noticed a dread lich
 84956 | Zot:5    | Noticed an ancient lich
 84958 | Zot:5    | Killed a dread lich
 85569 | Zot:5    | Killed an ancient lich
 86297 | Zot:5    | Found Nugithe's Changing Room.
 86420 | Zot:5    | Got the Orb of Zot
 86441 | Zot:5    | Noticed Duwkeajo the pandemonium lord
 86879 | D:$      | Escaped with the Orb!

Illustrated notes

Levels and vault maps discovered:
D:1:      wander_arrival_fairy_ring, layout_basic, serial_shops, shop
D:2:      layout_rooms
D:3:      layout_basic, nicolae_vehumet_radiance, nemelex_dance_club_becter,
          serial_shops, nicolae_shop_advertising_works
          [nicolae_subvault_shop_adworks], shop_scrolls, nicolae_shop_peninsula,
          nicolae_shop_bloodbath_and_beyond, uniq_sigmund
D:4:      layout_basic, dreamdust_wishing_well
D:5:      layout_basic, trog_ov_bears_minmay, nicolae_overflow_crystal_walls,
          minivault_14
D:6:      layout_loops_cross, minmay_temple_entry_statues
D:7:      layout_cave_pools, ebering_ghost_inner_flame
D:8:      layout_cave_pools, cheibrodos_ashenzari_chains,
          chequers_serial_rivers_large_a
D:9:      layout_long_grid, erik_lair_orcish_takeover, dk_vineyard_1
D:10:     layout_loops_corners, mainiacjoe_overflow_paths,
          gammafunk_temple_overflow_elements, erik_orc_4, gammafunk_ghost_grave
D:11:     layout_roguey
D:12:     layout_basic
D:13:     layout_cave_pods, serial_shops, nicolae_diamond_shop
D:14:     minmay_clustersquares, layout_rooms, erik_vaults_1, minmay_between
D:15:     gammafunk_depths_entry_grave, layout_long_grid,
          portal_ice_cave_entry_pillars_1, kennysheep_pointless_box,
          grunt_ministairs_8
Lair:1:   gammafunk_lair_enchanted_lake, layout_gridlike,
          gauntlet_entry_generic, chequers_serial_rivers_small_b
Lair:2:   layout_hall_layers, minmay_shoals_entry_beasts, uniq_gastronok
Lair:3:   layout_regular_city, guppyfry_snake_entry_garden, nzn_sisyphean_effort
Lair:4:   layout_regular_city, minmay_shattered_shrine
Lair:5:   hellmonk_lair_end_abyssal_woods, layout_gridlike,
          minmay_slime_entry_oklob_enclosed, chequers_serial_rivers_micro_a,
          serial_bayou_crossing
Shoals:1: layout_shoals, uniq_josephine
Shoals:2: layout_shoals, uniq_polyphemus
Shoals:3: layout_shoals, nicolae_shop_clearance, uniq_mlioglotl
Shoals:4: shoals_end_hangedman, layout_shoals, shoals_ilsuiw_alternative,
          nicolae_shoals_lost_giant_baths, nicolae_shoals_isolated_beach
Snake:1:  layout_grid_shapes, grunt_ministairs_15, serial_bayou_pond_a,
          nicolae_take_the_stairs, uniq_asterion, uniq_donald
Snake:2:  layout_chambers, grunt_ministairs_13,
          nicolae_snake_the_dead_are_slithering, grunt_megastairs_4,
          serial_bayou_shore_b, uniq_aizul, uniq_frances, uniq_roxanne,
          uniq_azrael
Snake:3:  layout_cave_town, basic_altar, drop_trap
Snake:4:  grunt_snake_rune_spirals, layout_onion, special_room,
          nicolae_snake_yet_another_twisty_hallway, serial_bayou_shore_b
Slime:1:  layout_caves
Slime:2:  layout_caves
Slime:3:  layout_caves
Slime:4:  cheibrodos_slime_lost_civilization_8, layout_caves
Slime:5:  slime_pit_nicolae_royal_road_to_ruin
Orc:1:    layout_diamond_mine, serial_shops,
          nicolae_shop_competitors_out_of_business, lightli_church_of_beogh
Orc:2:    st_orc_elflike, layout_caves, uniq_maurice, uniq_jorgrun
Elf:1:    eino_elf_arrival_customs, layout_gridlike,
          kennysheep_underground_church
Elf:2:    elven_hall_of_blades_hangedman_alternative [nicolae_blade_tridents],
          layout_loops_corners, minmay_shoptagon
Elf:3:    minmay_elf_hall_not_hex, layout_loops_corners, serial_shops,
          nicolae_shop_behind_doors, nicolae_shop_behind_doors,
          minmay_shop_grove
Vaults:1: portal_desolation_entry_ruin, nicolae_vaults_octothorpe,
          nicolae_vaults_tetromino_Z_1, nicolae_vaults_weapon_check,
          special_room_vaults [special_room_orc], nicolae_vaults_what_the_h,
          nicolae_vaults_closet_pinwheel_1, nicolae_vaults_storage_room_water,
          nicolae_vaults_taking_the_gang_shopping, nicolae_vaults_network_s,
          nicolae_vaults_shrinking_rooms_2, nicolae_vaults_tetromino_L_2,
          vaults_room_pool, layout_vaults_ring
Vaults:2: hangedman_vaults_unwind, v_misc_2, hangedman_vaults_pinch,
          vaults_standard_mumra_x, hangedman_vaults_restitches,
          nicolae_vaults_ring_of_whatevers, nicolae_vaults_closet_pinwheel_1,
          layout_vaults_omnigrid
Vaults:3: nicolae_vaults_closet_pinwheel_1, nicolae_vaults_wrenched,
          nicolae_vaults_tetromino_L_1, ontoclasm_vaults_idyll,
          minmay_crypt_entry_vampire_xt, vaults_mumra_hexcomb,
          nicolae_vaults_six-pack, nicolae_vaults_surprise_closet,
          nicolae_vaults_three_branches, nicolae_vaults_shipping_containers_5,
          nicolae_vaults_house_1, nicolae_vaults_trapezoid_lopsided_3,
          layout_vaults_omnicross
Vaults:4: grunt_vaults_focal, nicolae_vaults_cochlea,
          nicolae_vaults_sightless_eye, ontoclasm_vaults_tryst,
          nicolae_vaults_closet_pinwheel_5, v_misc_26,
          nicolae_vaults_corpse_flower, vaults_room_grid, ontoclasm_vaults_spin,
          nicolae_vaults_border_crossing, nicolae_vaults_double_plus_2,
          v_misc_33, ontoclasm_vaults_claustrophobia, layout_vaults_omnibox,
          serial_shops, nicolae_shop_peninsula
Vaults:5: serial_shops, uniq_margery
Crypt:1:  layout_catacombs, columned_hall_lemuel, serial_sigils_hangedman_carve
Crypt:2:  layout_gridlike, uniq_zenata
Crypt:3:  quadcrypt_mu
Depths:1: layout_roguey, abyss_entry, pan_entry, hell_entry,
          kiku_gazebo_pond_becter, elyvilon_altar_1, hangedman_decor_cross_pass,
          infiniplex_staircase_pool_lava, uniq_saint_roka
Depths:2: grunt_forest_end_winery, layout_basic, enter_ziggurat_a,
          grunt_pan_entry_in_and_out, serial_shops, nicolae_shop_peninsula,
          grunt_decor_one_mirror, hell_entry
Depths:3: minmay_the_grid_triangle_9x9_rhombus_full
          [minmay_the_grid_triangle_9x9_impossible_snake,
          minmay_the_grid_triangle_9x9_stretched_checkered,
          minmay_the_grid_triangle_9x9_negative_grid,
          minmay_the_grid_triangle_9x9_shrine,
          minmay_the_grid_triangle_9x9_warning,
          minmay_the_grid_triangle_9x9_empty,
          minmay_the_grid_triangle_9x9_odd_lines,
          minmay_the_grid_triangle_9x9_prize_schism], layout_gridlike,
          minmay_room_of_horrors, hell_entry, corexii_corridor_pit,
          serial_aquarium, aquarium_bridge_square [aquarium_subvault_wall,
          aquarium_subvault_window, aquarium_subvault_bridge,
          aquarium_subvault_wall], aquarium_window_1, aquarium_window_2,
          aquarium_window_1, aquarium_view_2c, mu_enter_wizlab_6,
          minmay_alternating_orb, uniq_mara, uniq_parghit
Depths:4: grunt_zot_entry_pinwheel, layout_gridlike, marbit_kobold_abyss_entry,
          serial_shops, bzr_entry_lakeside, hell_entry, kennysheep_crisscross,
          roderic_lattice_octagonal_star
Zot:1:    layout_misc_corridors, st_stairs_6
Zot:2:    layout_concentric_octagons, uniq_grunn
Zot:3:    layout_onion_interference
Zot:4:    lemuel_draconian_sentries_small, layout_gridville, nrook_zot_tub
Zot:5:    layout_gridville, grunt_ministairs_11, st_stairs_1,
          nicolae_transmutations_shop

Skill      XL: |  1  2  3  4  5  6  7  8  9 10 11 12 13 14 15 16 17 18 19 20 21 22 23 24 25 26 27 |
---------------+----------------------------------------------------------------------------------+-----
Stealth        | 3 4 6 10 | 10.6
Dodging        | 3 10 11 12 13 15 16 17 18 21 22 25 27 | 27.0
Spellcasting   | 4 6 12 18 19 20 | 20.0
Conjurations   | 10 11 12 13 14 15 16 17 19 20 21 24 27 | 27.0
Fighting       | 3 4 5 8 13 14 | 14.2
Translocations | 4 5 |  5.0
Shields        | 3 7 |  7.0
Fire Magic     | 1 10 17 21 25 27 | 27.0
Air Magic      | 1 8 |  8.0
Evocations     | 5 10 | 10.0
Staves         | 12 | 12.0
Earth Magic    | 1 9 12 14 | 14.5
Necromancy     | 7 |  7.9

Action                     |  1- 3 |  4- 6 |  7- 9 | 10-12 | 13-15 | 16-18 | 19-21 | 22-24 | 25-27 || total
---------------------------+-------+-------+-------+-------+-------+-------+-------+-------+-------++-------
  Melee: Unarmed           |     5 |       |       |       |       |       |       |       |       ||     5
         Dagger            |     2 |       |    15 |    34 |     6 |       |       |       |       ||    57
         Punch             |       |       |     1 |       |       |       |       |       |       ||     1
         Staff             |       |       |       |       |     3 |     1 |    65 |   186 |   198 ||   453
   Cast: Magic Dart        |    78 |    39 |   161 |   241 |   582 |   524 |    63 |     1 |       ||  1689
         Searing Ray       |       |     2 |    36 |    23 |       |       |       |       |       ||    61
         Iskenderun's Myst |       |       |    12 |   109 |   115 |   166 |   122 |    39 |    16 ||   579
         Freezing Cloud    |       |       |       |    22 |    49 |   126 |    18 |     1 |     2 ||   218
         Mephitic Cloud    |       |       |       |     4 |     1 |       |     4 |       |       ||     9
         Iskenderun's Batt |       |       |       |    32 |   121 |   115 |    28 |     2 |       ||   298
         Orb of Destructio |       |       |       |       |    14 |   120 |   115 |   135 |    55 ||   439
         Starburst         |       |       |       |       |    12 |       |    36 |       |       ||    48
         Plasma Beam       |       |       |       |       |       |       |   220 |   316 |   120 ||   656
         Ignition          |       |       |       |       |       |       |    59 |   106 |    34 ||   199
         Fire Storm        |       |       |       |       |       |       |       |    30 |   196 ||   226
         Leda's Unmaking   |       |       |       |       |       |       |       |     5 |   308 ||   313
         Sublimation of Bl |       |       |       |       |       |       |       |       |    17 ||    17
         Lehudib's Crystal |       |       |       |       |       |       |       |       |     6 ||     6
Ability: Evoke Blink       |       |       |       |       |       |       |       |     1 |     3 ||     4
  Evoke: Wand              |       |       |     6 |     1 |     2 |     1 |       |       |     4 ||    14
    Use: Potion            |       |     5 |     1 |     6 |     2 |       |     2 |       |    11 ||    27
         Scroll            |       |     1 |     4 |    11 |    12 |     5 |     3 |     5 |    18 ||    59
   Stab: Sleeping          |     1 |       |       |       |       |       |       |     2 |     1 ||     4
         Distracted        |       |       |       |       |       |       |       |     1 |     1 ||     2
 Armour: Robe              |    10 |       |    21 |    22 |    21 |    26 |    29 |    39 |    84 ||   252
  Dodge: Dodged            |    25 |     7 |    73 |   191 |   194 |   259 |   304 |   330 |   662 ||  2045
  Block: Buckler           |       |       |       |       |    31 |    84 |   158 |   140 |   292 ||   705
         Reflection        |       |       |       |       |       |       |    58 |    30 |    38 ||   126

Table legend: (Time is in decaauts)
 A = Elapsed time spent in this place.
 B = Non-inter-level travel time spent in this place.
 C = Inter-level travel time spent in this place.
 D = Time resting spent in this place.
 E = Time spent auto-exploring this place.
 F = Levels seen in this place.
 G = Mean time per level.
                   A        B        C        D        E       F      G
               +--------+--------+--------+--------+--------+-----+--------+
         Total |  87136 |  78953 |   8183 |  10451 |  55158 |  70 | 1244.8 |
       Dungeon |  17641 |  15222 |   2419 |   1266 |  11993 |  15 | 1176.1 |
          Lair |   8467 |   7730 |    737 |    590 |   6055 |   5 | 1693.4 |
        Shoals |   6654 |   6413 |    241 |    695 |   4796 |   4 | 1663.5 |
     Snake Pit |   6992 |   6710 |    282 |   1040 |   4603 |   4 | 1748.0 |
    Slime Pits |   3468 |   2921 |    547 |    283 |   2029 |   5 |  693.6 |
  Orcish Mines |   1985 |   1754 |    231 |    508 |    951 |   2 |  992.5 |
   Elven Halls |   3671 |   3450 |    221 |    334 |   2601 |   3 | 1223.7 |
        Vaults |  10469 |   8954 |   1515 |   1374 |   6025 |   5 | 2093.8 |
         Crypt |   4059 |   3966 |     93 |      3 |   3442 |   3 | 1353.0 |
        Depths |   7366 |   6496 |    870 |   1004 |   4506 |   4 | 1841.5 |
           Zot |  10305 |   9282 |   1023 |   2457 |   5654 |   5 | 2061.0 |
         Abyss |   1907 |   1907 |      0 |    490 |    188 |  10 |  190.7 |
        Bazaar |     66 |     66 |      0 |      0 |     41 |   1 |   66.0 |
      Ice Cave |   1405 |   1405 |      0 |     76 |   1054 |   1 | 1405.0 |
        Wizlab |    596 |    596 |      0 |     45 |    324 |   1 |  596.0 |
    Desolation |   1142 |   1142 |      0 |     77 |    458 |   1 | 1142.0 |
      Gauntlet |    936 |    936 |      0 |    208 |    437 |   1 |  936.0 |
               +--------+--------+--------+--------+--------+-----+--------+

Top non-repeatable levels by time:
   Zot:2: 3077 daAuts
   Zot:5: 3041 daAuts
Vaults:3: 2619 daAuts
 Snake:2: 2486 daAuts
 Snake:4: 2483 daAuts
Depths:3: 2481 daAuts
  Lair:5: 2401 daAuts
Vaults:4: 2324 daAuts
 Crypt:3: 2103 daAuts
Shoals:4: 2057 daAuts
Vaults:2: 2012 daAuts
    D:15: 2007 daAuts
    D:10: 1912 daAuts
Vaults:1: 1856 daAuts
  Lair:3: 1823 daAuts
